AoeStats
← kkkkkkkkkkkkkkkkk

Black Forest

508902838Analyzed
2v2 RM · 7d ago on Sep 24, 2026· 38m 10s· 4 players
Game mode
Random Map
Map size
Medium (4 player)
Population
200
Speed
Normal
Resources
Standard
Victory
Conquest
Starting age
Dark Age
Ending age
Imperial Age
RankedLock teamsTeams togetherTeam positionsShared explorationLock speedFull tech treeHidden civsTurbo modeCheats
Victory
Defeat
🇷🇺 Aztecs · Russia
869
+17
🇷🇺 Celts · Russia
869
+17
🇦🇹 Goths · Austria
900
-17
🇦🇹 Italians · Austria
881
-17
kkkkkkkkkkkkkkkkk
10:35 Feudal Age
14:44 Man-at-Arms
19:43 Forging
21:30 Scale Mail Armor
21:23 Horse Collar
21:34 Double-Bit Axe
21:53 Arson
23:53 Wheelbarrow
23:21 Gold Mining
23:30 Stone Mining
30:14 Castle Age
31:27 Squires
31:54 Chain Mail Armor
32:15 Iron Casting
31:56 Heavy Plow
37:49 Fortified Wall
p1ton
14:01 Feudal Age
17:55 Castle Age
17:20 Double-Bit Axe
17:31 Gold Mining
18:36 Horse Collar
19:09 Bow Saw
30:59 Forging
31:23 Scale Barding Armor
33:35 Chain Barding Armor
33:50 Iron Casting
33:57 Husbandry
michael.aichinger
0:36 Loom
11:58 Feudal Age
12:25 Double-Bit Axe
13:01 Horse Collar
20:31 Castle Age
18:54 Padded Archer Armor
19:03 Stone Mining
19:13 Gold Mining
19:06 Man-at-Arms
20:34 Fletching
21:18 Crossbowman
22:41 Heavy Plow
22:58 Bow Saw
23:41 Squires
23:37 Long Swordsman
24:23 Scale Mail Armor
26:04 Forging
31:33 Imperial Age
30:54 Leather Archer Armor
31:19 Bodkin Arrow
32:26 Wheelbarrow
32:37 Conscription
32:07 Two-Handed Swordsman
34:05 Pikeman
35:27 Halberdier
36:49 Crop Rotation
37:19 Chain Mail Armor
37:40 Iron Casting
elke
1:14 Loom
13:34 Feudal Age
14:37 Double-Bit Axe
14:57 Stone Mining
15:52 Gold Mining
18:08 Wheelbarrow
22:07 Castle Age
20:31 Padded Archer Armor
20:22 Fletching
21:40 Scale Mail Armor
23:26 Man-at-Arms
25:03 Ballistics
24:39 Murder Holes
31:20 Bow Saw
34:16 Pikeman
35:29 Squires
Connection lost

Rejoining the realm…

Still unreachable

The connection could not be restored.

Session expired

The server has moved on; the page needs a fresh start.